 Dungeon Crawl Stone Soup version 0.29-a0-330-g52719c12eb (webtiles) character file.

Game seed: 3864243685743688232

33 Leszczynek the Cutter (level 3, -4/28 HPs)
             Began as a Palentonga Wanderer on Apr 21, 2022.
             Was an Initiate of Yredelemnul.
             Slain by a steam dragon (5 damage)
             ... on level 2 of the Dungeon.
             The game lasted 00:06:42 (810 turns).

Leszczynek the Cutter (Palentonga Wanderer)          Turns: 810, Time: 00:06:43

Health: -4/28      AC:  4    Str: 14    XL:     3   Next: 12%
Magic:  4/4        EV:  9    Int: 12    God:    Yredelemnul [......]
Gold:   42         SH:  0    Dex: 12    Spells: 4/4 levels left

rFire   + . .      SeeInvis +   a - +0 rapier
rCold   . . .      Faith    .   (no shield)
rNeg    . . .      Spirit   .   e - +0 leather armour
rPois   .          Reflect  .   (no helmet)
rElec   .          Harm     .   (no cloak)
rCorr   .          Rampage  .   (no gloves)
Will    .....                   (no barding)
Stlth   +.........              (no amulet)
HPRegen 0.09/turn               d - ring of protection from fire
MPRegen 0.09/turn               (no ring)

@: no status effects
A: large, rugged brown scales 3, see invisible, deformed body, roll 1, armoured
tail
a: Rolling Charge, Renounce Religion, Recall Undead Harvest


You were on level 2 of the Dungeon.
You worshipped Yredelemnul.
Yredelemnul was noncommittal.
You visited 1 branch of the dungeon, and saw 3 of its levels.

You collected 42 gold pieces.

Inventory:

Hand Weapons
 a - a +0 rapier (weapon)
Armour
 e - a +0 leather armour (worn)
Jewellery
 d - a ring of protection from fire (left hand)
Scrolls
 b - a scroll of amnesia {unknown}
 f - a scroll of noise {unknown}
 g - a scroll of identify {unknown}
 h - a scroll of teleportation {unknown}


   Skills:
 * Level 2.2 Fighting
 - Level 3.0 Short Blades
 - Level 1.0 Maces & Flails
 - Level 1.0 Armour
 - Level 1.0 Dodging
 + Level 1.2 Unarmed Combat
 - Level 1.0 Spellcasting
 + Level 1.1 Transmutations
 - Level 1.7 Evocations


You had 4 spell levels left.
You didn't know any spells.
Your spell library was empty.

Dungeon Overview and Level Annotations

Branches:
Dungeon (3/15)

Altars:
Yredelemnul

Annotations:
D:3 Terence


Innate Abilities, Weirdness & Mutations

You are completely covered in rugged brown scales. (AC +3, +7% HP)
You have supernaturally acute eyesight. (SInv)
Armour fits poorly on your strangely shaped body.
You can roll at nearby foes to attack.
You have a long armoured tail.


Message History

Aim: a bat (will become a killer bee, a swamp drake, or a tengu, chance to affect: 71%)
The bat evaporates and reforms as a killer bee!
You aren't carrying any potions.
Aiming: Polymorph
Press: ? - help, Shift-Dir - straight line, f/p - killer bee
Aim: a killer bee (will become a steam dragon, a swamp drake, or a tengu, chance to affect: 62%)
The killer bee evaporates and reforms as a steam dragon!
Aiming: Polymorph
Press: ? - help, Shift-Dir - straight line, f/p - steam dragon
Aim: a steam dragon (will become a sky beast, a tengu, or a killer bee, chance to affect: 53%)
The steam dragon resists with significant effort.
The now-empty wand crumbles to dust.
The steam dragon breathes steam at you. The ball of steam hits you! You resist.
Unknown command.
The steam dragon bites you. The steam dragon closely misses you.
You hit the steam dragon.
The steam dragon is lightly wounded.
The steam dragon closely misses you.
The steam dragon claws you but does no damage.
You hit the steam dragon.
The steam dragon is lightly wounded.
The steam dragon bites you but does no damage.
The steam dragon closely misses you. The steam dragon barely misses you.
The steam dragon claws you.
You closely miss the steam dragon.
The steam dragon is lightly wounded.
The steam dragon barely misses you. The steam dragon claws you.
You hit the steam dragon.
The steam dragon is lightly wounded.
The steam dragon bites you!
* * * LOW HITPOINT WARNING * * *
The steam dragon claws you but does no damage.
You hit the steam dragon.
The steam dragon is moderately wounded.
The worm bites you.
* * * LOW HITPOINT WARNING * * *
The steam dragon barely misses you. The steam dragon claws you.
You die...
Your body rises from the dead as a mindless zombie.

#.#.####...........#
#..#.##..# ..
............#รท#
#..#.##..#
###.#.#.#.###.#
#..#.##.>## #.#.#.#.# #.#
#..#.##....
..#.#.#.###.###....##.###
.....#.#.. .......#.##.#
#.#.#######..#.##.###
#.#.#..w.................
.......D@.............###
#.#.#.#.#######..####.#
..(....#######..####.#
......................#
#...#.#########..######
#.#.#. #..# #.# #. #..# .
...# ###.#


You could see a steam dragon and a worm.

Vanquished Creatures
  A dart slug (D:1)
  A ball python (D:2)
  A goblin (D:3)
  3 hobgoblins
  8 jackals
  2 kobolds
  A quokka (D:1)
  6 bats
  A frilled lizard (D:1)
  3 rats
  A spectral kobold (D:1)
28 creatures vanquished.

Notes
Turn   | Place    | Note
-------+----------+-------------------------------------------
     0 | D:1      | Leszczynek the Palentonga Wanderer began the quest for the
                  | Orb.
     0 | D:1      | Leszczynek set off with the following items: a +0 rapier, a
                  | +0 mace, a wand of polymorph (3), a potion of invisibility,
                  | a +0 leather armour
     0 | D:1      | Reached XP level 1. HP: 16/16 MP: 2/2
   145 | D:2      | Reached XP level 2. HP: 12/22 MP: 3/3
   262 | D:1      | Reached skill level 2 in Fighting
   269 | D:1      | Reached skill level 1 in Unarmed Combat
   274 | D:1      | Reached skill level 1 in Transmutations
   290 | D:1      | HP: 3/23 [hobgoblin (2)]
   299 | D:1      | Reached XP level 3. HP: 4/28 MP: 4/4
   585 | D:1      | Found a faded altar of an unknown god.
   606 | D:1      | Prayed at the altar of an unknown god.
   606 | D:1      | Became a worshipper of Yredelemnul the Dark
   606 | D:1      | Reached * piety under Yredelemnul
   731 | D:3      | Noticed Terence
   801 | D:2      | Noticed a killer bee
   801 | D:2      | a bat changed into a killer bee
   802 | D:2      | Noticed a steam dragon
   802 | D:2      | a killer bee changed into a steam dragon
   809 | D:2      | HP: 3/28 [steam dragon (9)]
   810 | D:2      | HP: 1/28 [worm (2)]
   810 | D:2      | Slain by a steam dragon

Illustrated notes

Levels and vault maps discovered:
D:1:      erik_arrival_blinker_ship, layout_loops_ring,
          dreamdust_ecumenical_altar_drowned_temple
D:2:      layout_basic, basic_altar
D:3:      layout_basic, uniq_terence

Skill      XL: |  1  2 |
---------------+-------+-----
Fighting       | 2 |  2.2
Unarmed Combat | 1 |  1.2
Transmutations | 1 |  1.1
Short Blades   | |  3.0
Maces & Flails | |  1.0
Armour         | |  1.0
Dodging        | |  1.0
Spellcasting   | |  1.0
Evocations     | |  1.7

Action                   || total
-------------------------++-------
Melee: Rapier            ||    81
       Tailslap          ||     5
       Punch             ||     1
 Abil: Rolling Charge    ||    10
Evoke: Wand              ||     3
  Use: Potion            ||     2
 Stab: Invisible         ||     1
Armor: Leather armour    ||    34
Dodge: Dodged            ||    37

Table legend: (Time is in decaauts)
 A = Elapsed time spent in this place.
 B = Non-inter-level travel time spent in this place.
 C = Inter-level travel time spent in this place.
 D = Time resting spent in this place.
 E = Time spent auto-exploring this place.
 F = Levels seen in this place.
 G = Mean time per level.
                   A        B        C        D        E       F      G
               +--------+--------+--------+--------+--------+-----+--------+
         Total |    820 |    820 |      0 |    250 |      0 |   3 |  273.3 |
       Dungeon |    820 |    820 |      0 |    250 |      0 |   3 |  273.3 |
               +--------+--------+--------+--------+--------+-----+--------+

Top non-repeatable levels by time:
     D:1: 470 daAuts
     D:2: 294 daAuts
     D:3: 55 daAuts
